 Dungeon Crawl Stone Soup version 0.20.1-1-g8b1a95d (webtiles) character file.

91 Firecrotchwizard the Chopper (level 4, 0/40 HPs)
             Began as a Hill Orc Monk on Oct 29, 2017.
             Slain by butterquark's ghost (2 damage)
             ... on level 4 of the Dungeon.
             The game lasted 00:05:36 (2920 turns).

Firecrotchwizard the Chopper (Hill Orc Monk)        Turns: 2920, Time: 00:05:37

Health: 0/40       AC:  6    Str: 13    XL:     4   Next: 57%
Magic:  4/4        EV: 11    Int: 10    God:
Gold:   134        SH:  0    Dex: 14    Spells: 3/3 levels left

rFire    . . .     SeeInvis .   a - +0 hand axe
rCold    . . .     Gourm    .   (no shield)
rNeg     . . .     Faith    .   t - +0 ring mail
rPois    .         Spirit   .   (no helmet)
rElec    .         Reflect  .   (no cloak)
rCorr    .         Harm     .   o - +0 pair of gloves
MR       .....                  (no boots)
Stlth    +.........             (no amulet)
Regen    0.2/turn               (no ring)
MPRegen  0.1/turn               (no ring)

@: no status effects
A: no striking features
a: no special abilities


You were on level 4 of the Dungeon.
You were hungry.

You visited 1 branch of the dungeon, and saw 4 of its levels.

You collected 134 gold pieces.

Inventory:

Hand Weapons
 a - a +0 hand axe (weapon)
 f - a +0 hunting sling
   (You found it on level 1 of the Dungeon)
 s - a +1 whip of electrocution
   (You took it off an orc on level 3 of the Dungeon)
Armour
 m - a +0 leather armour
   (You found it on level 1 of the Dungeon)
 o - a +0 pair of gloves (worn)
   (You found it on level 2 of the Dungeon)
 t - a +0 ring mail (worn)
   (You took it off an orc on level 3 of the Dungeon)
 u - a +0 cloak
   (You found it on level 3 of the Dungeon)
 w - a cursed +0 helmet
   (You found it on level 4 of the Dungeon)
Scrolls
 b - 4 scrolls of remove curse {unknown}
 d - a scroll of magic mapping {unknown}
 e - a scroll of fog {unknown}
 g - a scroll of teleportation {unknown}
 i - 4 scrolls of identify {unknown}
 l - a scroll of blinking {unknown}
 p - a scroll of amnesia {unknown}
 v - a scroll of enchant weapon {unknown}
Potions
 k - a potion of haste {unknown}
 q - 3 potions of brilliance {unknown}
 r - 2 potions of agility {unknown}
Comestibles
 c - 6 bread rations {@e1}
 h - 2 meat rations {@e2}
 j - 5 fruits
 n - a chunk of flesh {@w0}


   Skills:
 + Level 4.2 Fighting
 * Level 5.5 Axes
 + Level 2.3 Armour
 - Level 2.4 Dodging
 - Level 1.5 Stealth


You had 3 spell levels left.
You didn't know any spells.

Dungeon Overview and Level Annotations

Branches:
Dungeon (4/15)
 Temple: D:4-7

Altars:

Annotations:
D:2 Sigmund
D:4 butterquark's ghost, amateur KoSu


Message History

You hit butterquark's ghost but do no damage.
You hit the bat but do no damage. The bat closely misses you.
The bat hits you but does no damage. Butterquark's ghost barely misses you.
You barely miss butterquark's ghost. The bat hits you but does no damage.
Butterquark's ghost hits you.
You take 6 damage, and have 31/40 hp.
You miss butterquark's ghost. The bat hits you but does no damage.
Butterquark's ghost hits you but does no damage.
You closely miss butterquark's ghost. The bat hits you but does no damage.
Butterquark's ghost barely misses you.
You miss butterquark's ghost. The bat hits you but does no damage.
Butterquark's ghost hits you but does no damage.
The bat hits you but does no damage.
You slash butterquark's ghost! You hit the bat. The bat closely misses you.
Butterquark's ghost barely misses you.
You hit butterquark's ghost. The bat hits you.
Butterquark's ghost hits you but does no damage.
You take 1 damage, and have 30/40 hp.
You hit butterquark's ghost. The bat hits you but does no damage.
Butterquark's ghost closely misses you. The bat hits you but does no damage.
You hit butterquark's ghost but do no damage.
You hit the bat but do no damage. The bat barely misses you.
Butterquark's ghost hits you but does no damage.
You hit butterquark's ghost. You barely miss the bat.
The bat barely misses you. Butterquark's ghost hits you.
You take 1 damage, and have 30/40 hp.
You are feeling hungry.
You miss butterquark's ghost. You completely miss the bat.
The bat hits you but does no damage. Butterquark's ghost hits you.
You take 2 damage, and have 28/40 hp.
You miss butterquark's ghost. The bat closely misses you.
Butterquark's ghost hits you.
You take 1 damage, and have 27/40 hp.
You barely miss butterquark's ghost. You barely miss the bat. The bat hits you.
The bat closely misses you.
Butterquark's ghost hits you but does no damage.
You take 1 damage, and have 26/40 hp.
You closely miss butterquark's ghost. You barely miss the bat.
The bat misses you. The bat hits you but does no damage.
Butterquark's ghost says, "I can no longer spread life, but I can still bring your death!"
Butterquark's ghost hits you.
You take 5 damage, and have 21/40 hp.
You miss butterquark's ghost. You hit the bat.
You kill the bat!
The bat's corpse disappears in a puff of smoke!
Butterquark's ghost mumbles some strange words.
You miss butterquark's ghost. You hit the bat.
You kill the bat!
The bat's corpse disappears in a puff of smoke!
The quokka disappears in a puff of smoke!
Butterquark's ghost hits you.
You take 5 damage, and have 16/40 hp.
You hit butterquark's ghost but do no damage.
Butterquark's ghost barely misses you.
You miss butterquark's ghost. Butterquark's ghost barely misses you.
You miss butterquark's ghost.
Butterquark's ghost mumbles some strange words.
You barely miss butterquark's ghost. You hit the quokka. x2
You kill the quokka!
The quokka's corpse disappears in a puff of smoke!
The rat disappears in a puff of smoke!
Butterquark's ghost hits you.
The quokka bites you but does no damage.
You take 2 damage, and have 14/40 hp.
You miss butterquark's ghost. You barely miss the quokka.
Butterquark's ghost hits you but does no damage.
The quokka closely misses you.
You barely miss butterquark's ghost. You barely miss the quokka.
Butterquark's ghost hits you. The quokka closely misses you.
You take 1 damage, and have 13/40 hp.
You miss butterquark's ghost. You hit the quokka.
You kill the quokka!
The quokka's corpse disappears in a puff of smoke!
Butterquark's ghost hits you.
* * * LOW HITPOINT WARNING * * *
You take 4 damage, and have 9/40 hp.
You barely miss butterquark's ghost.
Butterquark's ghost hits you but does no damage.
You hit butterquark's ghost but do no damage.
Butterquark's ghost closely misses you.
You miss butterquark's ghost. Butterquark's ghost hits you.
* * * LOW HITPOINT WARNING * * *
You take 4 damage, and have 6/40 hp.
You hit butterquark's ghost.
Butterquark's ghost hits you but does no damage.
You closely miss butterquark's ghost.
Butterquark's ghost mumbles some strange words.
You barely miss butterquark's ghost. You closely miss the river rat.
Butterquark's ghost hits you but does no damage.
The river rat bites you.
* * * LOW HITPOINT WARNING * * *
You take 2 damage, and have 4/40 hp.
You hit butterquark's ghost. You hit the river rat but do no damage.
Butterquark's ghost barely misses you.
The quokka twitches its whiskers.
The river rat bites you.
* * * LOW HITPOINT WARNING * * *
You take 3 damage, and have 1/40 hp.
Your ring mail prevents you from hitting butterquark's ghost.
You hit the river rat but do no damage. Butterquark's ghost hits you.
You die...

### #<# .## #
#.##... #.
#.#...
####.##.#..#
#....$..#..
......r.#.#
.......@#.#
.###.###W.#
#r.# ## #..# .
###. #..# .####
...###..##.....
....'.......#
....###...#.#
###.# #...# ..


You could see butterquark's ghost, a river rat and a quokka.

Vanquished Creatures
  A worm (D:2)
  5 dart slugs
  2 leopard geckos
  4 orcs (D:3)
  8 giant cockroaches
  8 hobgoblins
  6 jackals
  9 kobolds
  A ball python (D:1)
  10 bats
  3 frilled lizards
  5 goblins
  4 rats
66 creatures vanquished.

Notes
Turn   | Place    | Note
-------+----------+-------------------------------------------
     0 | D:1      | Firecrotchwizard the Hill Orc Monk began the quest for the Orb.
     0 | D:1      | Reached XP level 1. HP: 19/19 MP: 1/1
   155 | D:1      | Reached XP level 2. HP: 14/27 MP: 2/2
   647 | D:1      | Reached skill level 1 in Armour
   775 | D:1      | Reached XP level 3. HP: 24/33 MP: 3/3
   949 | D:1      | Reached skill level 5 in Axes
  1146 | D:1      | Reached skill level 4 in Fighting
  1793 | D:2      | Reached skill level 2 in Armour
  1842 | D:2      | Reached XP level 4. HP: 40/40 MP: 4/4
  1907 | D:2      | Noticed Sigmund
  2878 | D:4      | Noticed butterquark's ghost (amateur KoSu)
  2912 | D:4      | HP: 9/40 [butterquark's ghost (4)]
  2918 | D:4      | HP: 4/40 [river rat[butterquark's ghost] (2)]
  2919 | D:4      | HP: 1/40 [river rat[butterquark's ghost] (3)]
  2920 | D:4      | Slain by butterquark's ghost

Skill      XL: |  1  2  3 |
---------------+----------+-----
Armour         | 1 2 |  2.3
Axes           | 5 |  5.5
Fighting       | 4 |  4.2
Dodging        | |  2.4
Stealth        | |  1.5

Action                   |  1- 3 |  4- 6 || total
-------------------------+-------+-------++-------
Melee: Hand axe          |   133 |   106 ||   239
 Stab: Sleeping          |     5 |     3 ||     8
  Eat: Chunk             |     3 |     3 ||     6
Armor: Robe              |    20 |       ||    20
       Leather armour    |     2 |    17 ||    19
       Ring mail         |       |    33 ||    33
Dodge: Dodged            |    85 |    56 ||   141

Vault maps used:
D:1:      dpeg_arrival_ternary, serial_forest, infiniplex_forest_lined_2,
          infiniplex_forest_diagonal, infiniplex_forest_zigzag_1,
          infiniplex_forest_straight_3, infiniplex_forest_clump_curved,
          infiniplex_forest_clump_medium, infiniplex_forest_zigzag_1,
          minmay_tromino_i4
D:2:      chequers_ecumenical_altar_grove, minivault_24, uniq_jessica,
          uniq_sigmund, uniq_robin
D:3:      first_bread
D:4:      kb_forest_paths, minitemple

Table legend:
 A = Turns spent in this place as a percentage of turns spent in the entire game.
 B = Non-inter-level travel turns spent in this place as a percentage of non-inter-level travel turns spent in the entire game.
 C = Inter-level travel turns spent in this place as a percentage of turns spent in this place.
 D = Turns resting spent in this place as a percentage of non-inter-level travel turns spent in this place.
 E = Turns spent auto-exploring this place as a percentage of non-inter-level travel turns spent in this place.
 F = Non-inter-level travel turns spent in this place divided by the number of levels of this place that you've seen.
                   A       B       C       D       E      F
               +-------+-------+-------+-------+-------+----------------------
         Total | 100.0 | 100.0 |   0.7 |   1.9 |  11.3 | 188.2
       Dungeon | 100.0 | 100.0 |   0.7 |   1.9 |  11.3 | 188.2
               +-------+-------+-------+-------+-------+----------------------

Table legend:
 A = Kills in this place as a percentage of kills in entire the game.
 B = Kills by you in this place as a percentage of kills by you in the entire game.
 C = Kills by friends in this place as a percentage of kills by friends in the entire game.
 D = Other kills in this place as a percentage of other kills in the entire game.
 E = Experience gained in this place as a percentage of experience gained in the entire game.
 F = Experience gained in this place divided by the number of levels of this place that you have seen.
                   A       B       C       D       E      F
               +-------+-------+-------+-------+-------+----------------------
         Total | 100.0 | 100.0 |  -nan |  -nan | 100.0 |  32.5
       Dungeon | 100.0 | 100.0 |  -nan |  -nan | 100.0 |  32.5
               +-------+-------+-------+-------+-------+----------------------
